AoeStats
← kingTito7781

Arena

509014406Analyzed
3v3 RM · 8d ago on Sep 25, 2026· 86m 14s· 6 players
Game mode
Random Map
Map size
Normal (6 player)
Population
200
Speed
Normal
Resources
Standard
Victory
Conquest
Starting age
Dark Age
Ending age
Imperial Age
RankedLock teamsTeams togetherTeam positionsShared explorationLock speedFull tech treeHidden civsTurbo modeCheats
Victory
Defeat
🇧🇷 Byzantines · Brazil
880
+14
🇺🇸 Slavs · United States
757
+19
🇧🇷 Persians · Brazil
722
+21
🇨🇱 Cumans · Chile
885
-20
🇨🇱 Khmer · Chile
835
-18
🇨🇱 Goths · Chile
777
-16
iSorry
11:10 Feudal Age
18:04 Castle Age
17:18 Double-Bit Axe
17:29 Stone Mining
17:30 Gold Mining
17:22 Horse Collar
18:15 Light Cavalry
20:03 Heavy Plow
23:55 Loom
26:23 Fervor
27:49 Bow Saw
29:16 Wheelbarrow
29:29 Husbandry
33:32 Imperial Age
31:20 Hand Cart
31:44 Gold Shaft Mining
34:33 Logistica
35:39 Two-Man Saw
35:49 Chemistry
35:10 Ballistics
35:52 Forging
35:43 Scale Mail Armor
35:48 Scale Barding Armor
35:35 Fletching
35:45 Padded Archer Armor
35:49 Elite Cataphract
37:04 Hoardings
37:00 Murder Holes
37:03 Crossbowman
37:49 Thumb Ring
38:02 Pikeman
38:34 Elite Skirmisher
38:35 Arbalester
39:35 Squires
39:20 Gambesons
40:09 Treadmill Crane
41:27 Stone Shaft Mining
41:24 Bodkin Arrow
41:45 Leather Archer Armor
42:05 Iron Casting
41:45 Chain Mail Armor
41:51 Chain Barding Armor
42:22 Crop Rotation
45:10 Elite Varangian Guard
45:55 Bracer
46:13 Fortified Wall
47:19 Block Printing
48:30 Ring Archer Armor
48:21 Halberdier
57:08 Capped Ram
59:32 Siege Ram
63:31 Caravan
66:33 Plate Mail Armor
70:31 Bombard Tower
mosesdretg
6:58 Loom
12:11 Feudal Age
12:38 Double-Bit Axe
14:25 Horse Collar
18:10 Castle Age
19:05 Bow Saw
19:08 Heavy Plow
21:14 Wheelbarrow
26:57 Hand Cart
27:00 Fortified Wall
32:09 Imperial Age
30:33 Pikeman
34:14 Two-Man Saw
32:57 Heavy Scorpion
33:55 Onager
34:40 Halberdier
36:19 Squires
38:29 Crop Rotation
39:26 Siege Onager
43:46 Sappers
44:50 Gold Mining
45:30 Siege Engineers
46:36 Druzhina
53:18 Hoardings
60:01 Capped Ram
71:42 Siege Ram
82:16 Man-at-Arms
83:25 Long Swordsman
84:17 Two-Handed Swordsman
Diego-NA
1:44 Loom
13:18 Feudal Age
18:09 Castle Age
16:03 Double-Bit Axe
16:02 Horse Collar
27:23 Wheelbarrow
28:02 Scale Mail Armor
28:08 Scale Barding Armor
28:36 Hand Cart
28:40 Loom
29:57 Stone Mining
elsapokM
11:43 Feudal Age
16:16 Castle Age
15:50 Stone Mining
17:09 Wheelbarrow
20:41 Hand Cart
25:48 Double-Bit Axe
26:20 Horse Collar
29:01 Heavy Plow
33:31 Imperial Age
31:28 Bow Saw
33:23 Anarchy
33:30 Gold Mining
35:49 Forging
36:17 Scale Mail Armor
39:39 Chain Mail Armor
40:00 Iron Casting
39:47 Perfusion
39:08 Elite Huskarl
50:16 Blast Furnace
51:51 Pikeman
52:32 Squires
52:49 Halberdier
53:36 Caravan
70:14 Chemistry
Nergal9964
9:25 Loom
13:22 Feudal Age
15:43 Double-Bit Axe
16:33 Horse Collar
19:49 Castle Age
18:28 Gold Mining
18:33 Stone Mining
19:54 Wheelbarrow
19:57 Padded Archer Armor
19:48 Fletching
21:54 Stone Shaft Mining
21:35 Bow Saw
22:27 Gold Shaft Mining
25:04 Heavy Plow
27:29 Leather Archer Armor
28:23 Caravan
28:58 Hand Cart
29:46 Bodkin Arrow
33:03 Tusk Swords
36:54 Imperial Age
34:44 Town Watch
35:05 Scale Barding Armor
35:01 Scale Mail Armor
35:24 Murder Holes
35:40 Fortified Wall
35:52 Ballistics
38:09 Conscription
38:22 Elite Ballista Elephant
40:05 Chemistry
40:33 Bracer
41:03 Ring Archer Armor
40:55 Double Crossbow
40:28 Light Cavalry
41:54 Bloodlines
43:09 Masonry
43:04 Siege Engineers
43:23 Hussar
45:54 Chain Barding Armor
46:55 Chain Mail Armor
47:58 Crop Rotation
51:08 Plate Barding Armor
50:45 Forging
52:51 Town Patrol
54:12 Pikeman
57:11 Cavalier
58:32 Halberdier
63:54 Architecture
69:13 Man-at-Arms
71:52 Long Swordsman
74:15 Two-Handed Swordsman
76:46 Iron Casting
kingTito7781
11:55 Feudal Age
12:37 Double-Bit Axe
16:24 Wheelbarrow
18:21 Loom
18:48 Horse Collar
23:06 Castle Age
23:16 Castle Age
21:48 Gold Mining
21:51 Stone Mining
24:26 Hand Cart
28:03 Gold Shaft Mining
29:03 Fletching
33:22 Imperial Age
31:26 Bow Saw
31:30 Scale Barding Armor
31:14 Crossbowman
33:10 Forging
33:17 Scale Mail Armor
34:52 Conscription
35:01 Elite Kipchak
36:16 Bodkin Arrow
36:43 Steppe Husbandry
37:47 Padded Archer Armor
38:49 Leather Archer Armor
38:58 Chain Barding Armor
41:04 Capped Ram
43:37 Plate Barding Armor
42:26 Siege Ram
45:56 Ballistics
46:40 Cuman Mercenaries
54:02 Ring Archer Armor
55:12 Pikeman
55:54 Squires
56:18 Halberdier
58:38 Iron Casting
58:21 Chain Mail Armor
67:28 Blast Furnace
70:06 Caravan
70:22 Arson
74:23 Chemistry
74:01 Murder Holes
79:32 Plate Mail Armor
83:17 Heavy Plow
87:47 Two-Man Saw
Connection lost

Rejoining the realm…

Still unreachable

The connection could not be restored.

Session expired

The server has moved on; the page needs a fresh start.